 Dungeon Crawl Stone Soup version 0.31.0-1-g2c135a008e (webtiles) character file.

Game seed: 9577175457162463962

490 qw the Shooter (level 7, -3/52 HPs)
             Began as a Djinni Hunter on Jan 24, 2024.
             Was a Follower of Okawaru.
             Slain by a gnoll
             ... wielding a +0 halberd
             ... led by a gnoll bouda
              (6 damage)
             ... on level 5 of the Dungeon.
             The game lasted 00:00:15 (3640 turns).

qw the Shooter (Djinni Hunter)                      Turns: 3640, Time: 00:00:16

Health: -3/52      AC:  7    Str: 10    XL:     7   Next: 37%
Gold:   253        EV: 11    Int: 11    God:    Okawaru [*.....] SH:  0 Dex: 18

rFire   + + .        a - +0 shortbow (flame)
rCold   x . .        (shield currently unavailable)
rNeg    . . .        g - +0 ring mail
rPois   inf          f - +0 helmet
rElec   .            h - +0 cloak
rCorr   .            (no gloves)
SInv    .            (boots unavailable)
Will    .....        c - amulet of faith
Stlth   +            (no ring)
HPRegen 0.28/turn    (no ring)
MPRegen 0.00/turn

%: faith, infuse magic (-4 HP)
@: flying
A: sickness immunity, fire resistance 2, cold vulnerability 1, float, innate
caster, HP casting, extra vitality 1
a: Renounce Religion, Heroism


You were on level 5 of the Dungeon.
You worshipped Okawaru.
Okawaru was aware of your devotion.
You visited 2 branches of the dungeon, and saw 6 of its levels.

You collected 253 gold pieces.


Innate Abilities, Weirdness & Mutations

You are immune to sickness and miasma.
You are immune to poison.
Your flesh is very heat resistant. (rF++)
You are vulnerable to cold. (rC-)
You float through the air rather than walking.
You learn spells naturally, not from books.
Your magical power is your life essence.
You have superior vitality. (+4 MHP)


   Skills:
 - Level 4.0 Fighting
 + Level 5.7 Ranged Weapons
 - Level 1.1 Armour
 - Level 3.3 Dodging
 - Level 0.7 Stealth
 + Level 0.5 Invocations


You knew the following spells:

 Your Spells              Type           Power      Damage    Failure   Level
a - Kiss of Death         Conj/Necr      0%         2d5       65%         1
b - Lesser Beckoning      Tloc           0%         N/A       80%         2
c - Frozen Ramparts       Ice            0%         1d1       95%         3
Your spell library was empty.

Inventory:

Hand Weapons
 a - a +0 shortbow of flaming (weapon)
Armour
 f - a +0 helmet (worn)
 g - a +0 ring mail (worn)
 h - a +0 cloak (worn)
 j - +0 steam dragon scales
Jewellery
 c - an amulet of faith (around neck)
Wands
 b - a wand of paralysis (14)
Scrolls
 e - a scroll of identify
Potions
 d - a potion of might
 i - a potion of haste

Dungeon Overview and Level Annotations

Branches:
Dungeon (5/15)             Temple (1/1) D:4

Altars:
Ashenzari
Cheibriados
Dithmenos
Elyvilon
Gozag
Hepliaklqana
Makhleb
Nemelex Xobeh
Okawaru
Qazlal
Uskayaw
Wu Jian
Xom
Yredelemnul
Zin
The Shining One

Annotations:
D:2 1 runed translucent door, Crazy Yiuf


Message History

The arrow burns the gnoll.
You kill the gnoll!
Okawaru accepts your kill. The gnoll closely misses you.
The gnoll hits you from afar with a +0 halberd.
You shoot an arrow. The arrow hits the gnoll.
The arrow burns the gnoll.
You kill the gnoll!
Okawaru accepts your kill.
The gnoll hits you from afar with a +0 halberd!
You shoot an arrow.
The arrow barely misses the gnoll bouda.
The gnoll hits you from afar with a +0 halberd!
The gnoll hits you but does no damage.
You shoot an arrow. The arrow hits the gnoll!
The arrow burns the gnoll.
The gnoll is severely wounded.
The gnoll barely misses you.
The gnoll hits you from afar with a +0 halberd.
You shoot an arrow. The arrow barely misses the gnoll. x2
The gnoll hits you with a +0 club. The gnoll closely misses you.
You shoot an arrow. The arrow hits the gnoll.
The arrow burns the gnoll.
You kill the gnoll!
Okawaru accepts your kill.
The gnoll hits you with a +2 whip of venom!
You shoot an arrow. The arrow closely misses the gnoll.
The gnoll hits you but does no damage. The gnoll barely misses you.
You shoot an arrow. The arrow closely misses the gnoll.
The gnoll hits you from afar with a +0 halberd.
The gnoll hits you with a +2 whip of venom.
You shoot an arrow. The arrow closely misses the gnoll.
The gnoll barely misses you.
The gnoll hits you from afar with a +0 halberd.
You shoot an arrow.
The arrow hits the gnoll bouda but does no damage.
The gnoll is no longer moving quickly. x2; The gnoll barely misses you.
You shoot an arrow. The arrow hits the gnoll bouda.
The arrow burns the gnoll bouda.
The gnoll bouda is moderately wounded.
The gnoll closely misses you. The gnoll bouda barely misses you.
The gnoll hits you from afar with a +0 halberd.
You die...

....##### #.......#
#..(....# #.......# #####
#.......# ######...##
#.......# ..#.....<.#
#g).....#
..+......########gg.....#
..#......#......@########
..#####'##.............#
..##.....#.....#.......+
.........#.....#.......#
.........#.....#.......#
##########.....#########
...................
...................
....................


You could see a gnoll bouda and 2 gnolls.

Vanquished Creatures
  A steam dragon (D:5)
  2 bombardier beetles (D:3)
  2 hounds (D:4)
  An iguana (D:4)
  A sleepcap (D:3)
  An orc wizard (D:4)
  Robin (D:2)
  7 gnolls
  An adder (D:2)
  A white imp (D:4)
  3 dart slugs
  5 orcs (D:3)
  4 endoplasms
  A giant cockroach (D:2)
  17 goblins
  7 hobgoblins
  6 kobolds
  A quokka (D:3)
  3 ball pythons
  6 bats
  4 frilled lizards
  4 rats
79 creatures vanquished.

Notes
Turn   | Place    | Note
-------+----------+-------------------------------------------
     0 | D:1      | qw the Djinni Hunter began the quest for the Orb.
     0 | D:1      | Reached XP level 1. HP: 18/18 MP: 0/0
     0 | D:1      | 0 ||| qw: Version: 0.3-a-136-gdd3b4e8
     0 | D:1      | 0 ||| qw: Game counter: 1208
     0 | D:1      | 0 ||| qw: Melee chars always use a shield: true
     0 | D:1      | 0 ||| qw: God list: Okawaru
     0 | D:1      | 0 ||| qw: Allow faded altars: false
     0 | D:1      | 0 ||| qw: Do Orc after clearing Dungeon:15 true
     0 | D:1      | 0 ||| qw: Do second Lair branch before Depths: true
     0 | D:1      | 0 ||| qw: Lair rune preference: random
     0 | D:1      | 0 ||| qw: Goals: Normal
     0 | D:1      | 0 ||| PLANNING D:1-11
   235 | D:1      | Reached XP level 2. HP: 23/23 MP: 0/0
   555 | D:1      | Reached skill level 4 in Ranged Weapons
   555 | D:1      | Reached XP level 3. HP: 23/28 MP: 0/0
   555 | D:1      | Learned a level 1 spell: Kiss of Death
   632 | D:1      | 632 ||| UPGRADING to +0 ring mail.
   642 | D:1      | 642 ||| DROPPING +0 leather armour.
   643 | D:1      | 643 ||| READING scroll labelled HYTHRI ELUSHE.
   644 | D:1      | 644 ||| READING 2 scrolls labelled KISEBI MERR.
   644 | D:1      | 644 ||| IDENTIFYING smoky cyan potion
   645 | D:1      | 645 ||| READING scroll of identify.
   645 | D:1      | 645 ||| IDENTIFYING 2 smoky golden potions
   646 | D:1      | 646 ||| READING scroll labelled ENKURO HOH YMUDGHI.
   647 | D:1      | 647 ||| READING scroll labelled JIOL CIAKISCH.
   648 | D:1      | 648 ||| DROPPING scroll of butterflies.
   649 | D:1      | 649 ||| DROPPING potion of lignification.
   724 | D:2      | Reached skill level 1 in Armour
  1008 | D:2      | Reached XP level 4. HP: 34/34 MP: 0/0
  1068 | D:2      | Noticed Robin
  1075 | D:2      | Killed Robin
  1076 | D:2      | Reached skill level 3 in Fighting
  1247 | D:2      | Found a broken altar of Ashenzari.
  1487 | D:2      | Found a runed translucent door.
  1488 | D:2      | Noticed Crazy Yiuf
  1491 | D:2      | 1491 ||| UPGRADING to +0 helmet.
  1496 | D:2      | 1496 ||| READING 3 scrolls of identify.
  1496 | D:2      | 1496 ||| IDENTIFYING pink potion
  1497 | D:2      | 1497 ||| READING 2 scrolls of identify.
  1497 | D:2      | 1497 ||| IDENTIFYING black potion
  1498 | D:2      | 1498 ||| READING scroll of identify.
  1498 | D:2      | 1498 ||| IDENTIFYING scroll labelled FYTREOGU HINK
  1499 | D:2      | 1499 ||| DROPPING scroll of fog.
  1500 | D:2      | 1500 ||| DROPPING potion of brilliance.
  1762 | D:3      | Reached XP level 5. HP: 30/40 MP: 0/0
  1762 | D:3      | Learned a level 2 spell: Lesser Beckoning
  1783 | D:3      | HP: 10/40 [burnt (2)]
  1788 | D:3      | HP: 8/40 [burnt (1)]
  1793 | D:3      | HP: 5/40 [burnt (1)]
  1797 | D:3      | HP: 2/40 [burnt (1)]
  2735 | D:3      | 2735 ||| READING scroll of identify.
  2735 | D:3      | 2735 ||| IDENTIFYING lumpy clear potion
  2736 | D:3      | 2736 ||| READING scroll labelled ZEQISEHIAV.
  2737 | D:3      | 2737 ||| DROPPING potion of attraction.
  2764 | D:4      | 2764 ||| STAIRDANCE
  2774 | D:3      | Reached skill level 5 in Ranged Weapons
  2774 | D:3      | Reached XP level 6. HP: 42/46 MP: 0/0
  2791 | D:4      | 2791 ||| STAIRDANCE
  2818 | D:4      | 2818 ||| STAIRDANCE
  2957 | D:4      | Reached skill level 3 in Dodging
  3023 | D:4      | HP: 8/46 [hound (5)]
  3024 | D:4      | 3024 ||| DRINKING potion of heal wounds.
  3065 | D:4      | Found a glowing silver altar of Zin.
  3134 | D:4      | Found a staircase to the Ecumenical Temple.
  3135 | D:4      | 3135 ||| PLANNING TEMPLE
  3135 | D:4      | 3135 ||| UPGRADING to amulet of faith.
  3140 | D:4      | 3140 ||| READING scroll of identify.
  3140 | D:4      | 3140 ||| IDENTIFYING ruby potion
  3141 | D:4      | 3141 ||| READING scroll labelled ASHIATT NAAKIH.
  3141 | D:4      | 3141 ||| BRANDING +0 shortbow.
  3147 | Temple   | Entered the Ecumenical Temple
  3148 | Temple   | 3148 ||| PLANNING OKAWARU WORSHIP
  3151 | Temple   | Became a worshipper of Warmaster Okawaru
  3152 | Temple   | 3152 ||| PLANNING D:1-11
  3476 | D:4      | 3476 ||| UPGRADING to +0 cloak.
  3481 | D:4      | 3481 ||| READING scroll labelled DYSUSI JUPP.
  3482 | D:4      | 3482 ||| READING scroll labelled OGASIWEPOONN.
  3490 | D:5      | Entered Level 5 of the Dungeon
  3537 | D:5      | Noticed a steam dragon
  3538 | D:5      | 3538 ||| DRINKING 2 potions of haste.
  3546 | D:5      | Killed a steam dragon
  3546 | D:5      | Reached * piety under Okawaru
  3547 | D:5      | Reached XP level 7. HP: 43/52 MP: 0/0
  3547 | D:5      | Learned a level 3 spell: Frozen Ramparts
  3626 | D:5      | 3626 ||| RETREEEEATING.
  3635 | D:5      | HP: 10/52 [gnoll/+2 whip of venom[a gnoll bouda] (7)]
  3638 | D:5      | HP: 2/52 [gnoll/+0 halberd[a gnoll bouda] (4)]
  3640 | D:5      | Slain by a gnoll

Levels and vault maps discovered:
D:1:      dpeg_arrival_windows_large_door, layout_basic, minmay_split_cup_large
D:2:      layout_loops_corners, basic_altar, uniq_robin, uniq_crazy_yiuf_cottage
D:3:      layout_loops_corners, st_stairs_10
D:4:      layout_rooms, amcnicky_altar_gilded, minmay_temple_entry_hall,
          roderic_lattice_a
D:5:      layout_gridville
Temple:   sentei_temple_godly_chess

Skill      XL: |  1  2  3  4  5  6 |
---------------+-------------------+-----
Ranged Weapons | 4 5 |  5.7
Armour         | 1 |  1.1
Fighting       | 3 4 |  4.0
Dodging        | 3 |  3.3
Stealth        | |  0.7
Invocations    | |  0.5

Action                     |  1- 3 |  4- 6 |  7- 9 || total
---------------------------+-------+-------+-------++-------
   Fire: Shortbow          |    83 |   188 |    17 ||   288
    Use: Scroll            |     5 |     9 |       ||    14
         Potion            |       |     2 |       ||     2
 Armour: Leather armour    |    22 |       |       ||    22
         Ring mail         |     7 |   121 |    13 ||   141
  Dodge: Dodged            |    32 |    95 |    10 ||   137

Table legend:
 A = Non-vault XP
 B = Vault XP
 C = Vault XP percentage of total XP
 D = Non-vault monster count
 E = Vault monster count
 F = Vault count percentage of total count
                 A         B        C        D         E       F
            +---------+---------+-------+---------+---------+-------
      Total |     638 |      63 |   9.0 |      59 |      20 |  25.3
            +---------+---------+-------+---------+---------+-------
        D:1 |      23 |       7 |  23.3 |      17 |       4 |  19.0
        D:2 |      31 |      35 |  53.0 |      12 |      13 |  52.0
        D:3 |     206 |      21 |   9.3 |      20 |       3 |  13.0
        D:4 |     173 |       0 |   0.0 |       6 |       0 |   0.0
        D:5 |     205 |       0 |   0.0 |       4 |       0 |   0.0
            +---------+---------+-------+---------+---------+-------
